 Dungeon Sprint DCSS version 0.31-a0-920-g28cbb04a8c (webtiles) character file.

Game seed: 3189167176750823185

9045 fingers the Peltast (level 11, -13/104 HPs)
             Began as a Barachi Fighter on Oct 17, 2023.
             Was the Champion of Cheibriados.
             Mangled by a dire elephant (30 damage)
             ... in the Dungeon (Sprint V: "Ziggurat Sprint").
             The game lasted 00:03:46 (563 turns).

fingers the Peltast (Barachi Fighter)                Turns: 563, Time: 00:03:47

Health: -13/104    AC: 31    Str: 32    XL:     11   Next: 40%
Magic:  11/11      EV:  6    Int: 23    God:    Cheibriados [******]
Gold:   0          SH: 39    Dex: 44    Spells: 10/10 levels left

rFire   . . .        D - +9 sword of Zonguldrok {reap}
rCold   . . .        C - +18 shield of the Gong {Loud rN+ Will+ rCorr EV-5}
rNeg    + . .        B - +15 Maxwell's patent armour {-Cast -Tele rElec Will+ rCorr}
rPois   .            (no helmet)
rElec   +            (no cloak)
rCorr   +            (no gloves)
SInv    .            (no boots)
Will    ++...        H - amulet of the acrobat Stlth
                     u - +6 ring of dexterity
HPRegen 0.37/turn    K - ring of Paimul {rElec rCorr Dex+6}
MPRegen 0.12/turn

%: no teleportation, no spellcasting, acrobat
@: very slow
A: amphibious, slowness 1, strong legs 1, +LOS
a: Hop, Renounce Religion, Bend Time, Temporal Distortion, Slouch, Step From
Time


You were in the Dungeon.
You worshipped Cheibriados.
Cheibriados was exalted by your worship.
You visited 1 branch

Inventory:

Hand Weapons
 a - a +0 long sword
 D - the +9 sword of Zonguldrok (weapon) {reap}
   (You found it in the Dungeon)
 G - the +7 captain's cutlass {speed, disarm}
   (You found it in the Dungeon)

   Cheibriados disapproves of the use of such an item.
Armour
 b - a +0 scale mail
 c - a +0 buckler
 B - the +15 Maxwell's patent armour (worn) {-Cast -Tele rElec Will+ rCorr}
   (You found it in the Dungeon)

   rElec:     It insulates you from electricity.
   Will+:     It increases your willpower.
   -Cast:     It prevents spellcasting.
   -Tele:     It prevents most forms of teleportation.
   rCorr:     It protects you from acid and corrosion.
 C - the +18 shield of the Gong (worn) {Loud rN+ Will+ rCorr EV-5}
   (You found it in the Dungeon)

   Loud:      It is deafeningly noisy when blocking attacks.
   EV-5:      It affects your evasion (-5).
   rN+:       It protects you from negative energy.
   Will+:     It increases your willpower.
   rCorr:     It protects you from acid and corrosion.
Jewellery
 n - a ring of protection from cold
 s - a ring of flight
 t - a +6 ring of dexterity
 u - a +6 ring of dexterity (left hand)
 v - a +6 ring of intelligence
 w - a +6 ring of intelligence
 x - a +6 ring of strength
 y - a +6 ring of strength
 E - a ring of willpower
 H - an amulet of the acrobat (around neck)
 I - a ring of fire
 K - the ring of Paimul (right hand) {rElec rCorr Dex+6}
   (You found it in the Dungeon)

   [ring of dexterity]

   Dex+6:     It affects your dexterity (+6).
   rElec:     It insulates you from electricity.
   rCorr:     It protects you from acid and corrosion.
 L - a ring of resist corrosion
 M - a ring of magical power
Wands
 z - a wand of mindburst (9)
 A - a wand of acid (7)
 J - a wand of paralysis (4)
 N - a wand of digging (2)
Scrolls
 j - 4 scrolls of blinking
 o - 4 scrolls of amnesia
 p - 7 scrolls of fog
 q - 5 scrolls of identify
 r - 2 scrolls of fear
Potions
 d - 6 potions of might
 e - 10 potions of curing
 f - 6 potions of heal wounds
 g - 6 potions of haste
 h - 7 potions of magic
 i - 2 potions of berserk rage
 k - 2 potions of brilliance
 l - 2 potions of invisibility
 m - 4 potions of resistance
Miscellaneous
 F - a phantom mirror (inert)


   Skills:
 + Level 15.7 Fighting
 + Level 15.5 Long Blades
 + Level 15.0 Armour
 + Level 1.9 Dodging
 + Level 0.2 Stealth
 + Level 18.2 Shields
 + Level 1.6 Evocations


You had 10 spell levels left.
You didn't know any spells.
Your spell library contained the following spells:

 Spells                   Type           Power      Damage    Failure   Level
 Foxfire                  Conj/Fire      0%         2x1d4     67%         1
 Static Discharge         Conj/Air       0%         2-2/arc   82%         2
 Ozocubu's Armour         Ice            0%         N/A       96%         3
 Teleport Other           Tloc           0%         N/A       96%         3
 Airstrike                Air            0%         2d(0-16)  100%        4
 Cause Fear               Hex            0%         N/A       100%        4
 Fulminant Prism          Conj/Hex       0%         3d5       100%        4
 Summon Lightning Spire   Summ/Air       0%         N/A       100%        4
 Fireball                 Conj/Fire      0%         3d3       100%        5
 Freezing Cloud           Conj/Ice/Air   0%         6-21      100%        5
 Metabolic Englaciation   Hex/Ice        0%         N/A       100%        5
 Conjure Ball Lightning   Conj/Air       0%         3x3d6     100%        6
 Simulacrum               Ice/Necr       0%         N/A       100%        6
 Orb of Destruction       Conj           0%         9d5       100%        7
 Discord                  Hex            0%         N/A       100%        8
 Disjunction              Tloc           0%         N/A       100%        8
 Lehudib's Crystal Spear  Conj/Erth      0%         10d2      100%        8
 Dragon's Call            Summ           0%         N/A       100%        9


Dungeon Overview and Level Annotations

Branches:
Dungeon (1/1)

Altars:
Ashenzari
Cheibriados
Dithmenos
Elyvilon
Fedhas
Gozag
Hepliaklqana
Kikubaaqudgha
Makhleb
Nemelex Xobeh
Okawaru
Qazlal
Ru
Sif Muna
Trog
Uskayaw
Vehumet
Wu Jian
Xom
Yredelemnul
Zin
The Shining One
Jiyva
Lugonu

Annotations:
D 1 transporter


Innate Abilities, Weirdness & Mutations

You are amphibious.
You cover ground slowly.
You can hop short distances.
You have an extended range of vision and can be seen from far away.


Message History

The searing wretch is almost destroyed.
You barely miss the searing wretch.
The searing wretch is almost destroyed.
You block the yaktaur's attack.
SHROANNG!
You block the searing wretch's attack.
SHROANNG!
You block the searing wretch's attack.
PTOANNNG!
The searing wretch bites you but does no damage.
The white draconian hits your vault guard zombie with a +0 flail!
The dire elephant tramples you but does no damage.
You block the dire elephant's attack.
GONNNNG!
The ironbound convoker hits you with a +0 great mace!
The Brimstone Fiend hits you but does no damage.
You block the Brimstone Fiend's attack.
GONNNNG!
The Brimstone Fiend hits you but does no damage.
Your vault guard zombie hits the white draconian!
You slash the searing wretch!
The searing wretch is almost destroyed.
Your ironbound thunderhulk shimmers and vanishes!
You block the yaktaur's attack.
GONNNNG!
The white draconian hits your vault guard zombie with a +0 flail!
The searing wretch claws you!
You are engulfed in flames!!
* * * LOW HITPOINT WARNING * * *
You block the searing wretch's attack.
BONNNG!
You block the searing wretch's attack.
GONNNNG!
You block the Brimstone Fiend's attack.
PANG!
The Brimstone Fiend hits you.
* * * LOW HITPOINT WARNING * * *
The Brimstone Fiend hits you but does no damage.
The kobold demonologist gestures wildly while chanting.
The dire elephant tramples you!!
You die...

▓▓▓▓▓▓▓▓▓▓▓▓▓▓▓▓▓▓▓
▓...8©8...▓..8©8..▓
▓..)):)"..▓..)....▓
▓.../[|...▓..|)[..▓
▓..4......▓.......▓
▓..d).....▓.......▓
▓...ZKO...▓..))...▓
▓...5cY1..▓..).)..▓
▓.▓.5n@.▓.▓..))...▓
▓...5p....▓...©...▓
▓▓▓▓▓▓▓▓▓▓▓▓▓▓▓▓▓▓▓


You could see a searing wretch, a dire elephant (strong), a Brimstone Fiend, a
white draconian (ally target), an ironbound thunderhulk, an ironbound convoker
(catching breath), a yaktaur (strong), a kobold demonologist, a red devil
(summoned), a quasit (summoned), a crimson imp (summoned), a white imp
(summoned) and a friendly vault guard zombie.

Vanquished Creatures
  2 vault guards (D)
  A dancing weapon (D)
  A two-headed ogre (D)
  A spriggan rider (D)
  A deep elf pyromancer (D)
  A deep elf zephyrmancer (D)
  A worldbinder (D)
  A hornet (D)
  A troll (D)
  A jumping spider (D)
  2 spriggans (D)
  An orc warrior (D)
  A scorpion (D)
  A quasit (D)
  An orc wizard (D)
  An orc (D)
18 creatures vanquished.

Vanquished Creatures (collateral kills)
  A great orb of eyes (D)
  A two-headed ogre (D)
  A deep elf pyromancer (D)
  A naga mage (D)
  A yaktaur (D)
  2 trolls (D)
  A hornet (D)
  3 spriggans (D)
  A naga (D)
  2 water moccasins (D)
  2 ogres (D)
  A quasit (D)
  An iron imp (D)
  An orc wizard (D)
  An adder (D)
  A shadow imp (D)
  2 orcs (D)
  2 ball pythons (D)
25 creatures vanquished.

Vanquished Creatures (others)
  A jumping spider zombie (D)
  3 spriggan zombies (D)
  2 two-headed ogre zombies (D)
  A hornet zombie (D)
  A troll zombie (D)
  3 orc zombies (D)
11 creatures vanquished.

Grand Total: 54 creatures vanquished

Notes
Turn   | Place    | Note
-------+----------+-------------------------------------------
     0 | D        | Found the +6 Majin-Bo {spellvamp, MP+6 Int+6}
     0 | D        | Found the +27 heavy crossbow "Sniper" {heavy, Acc+∞ SInv}
     0 | D        | Found the +10 dark maul {heavy}
     0 | D        | Found the +15 Maxwell's patent armour {-Cast -Tele rElec
                  | Will+ rCorr}
     0 | D        | Found the +18 shield of the Gong {Loud rN+ Will+ rCorr
                  | EV-5}
     0 | D        | Found the +16 obsidian axe {drain, demonic, Mesm Drain Fly
                  | SInv}
     0 | D        | Found the +7 great mace "Firestarter" {flame, immolate,
                  | rFlCloud rF++}
     0 | D        | Found the +6 shillelagh "Devastator" {shatter}
     0 | D        | Found the +11 plutonium sword {Contam Stlth-}
     0 | D        | Found the +8 lance "Wyrmbane" {slay drac, rPois rF+ rC+
                  | AC+3}
     0 | D        | Found the +9 sword of Zonguldrok {reap}
     0 | D        | Found the +13 scythe of Curses {drain, curses, Drain}
     0 | D        | Found the +9 sword of Power {lifebolt}
     0 | D        | Found the +7 mace of Variability {chaos, chaos arc}
     0 | D        | Found the +11 Singing Sword {sonic wave}
     0 | D        | Found the +8 storm bow {elec, penet}
     0 | D        | fingers the Barachi Fighter began the quest for the Orb.
     0 | D        | Reached XP level 1. HP: 18/18 MP: 1/1
     1 | D        | Found a transporter.
     1 | D        | Found an ancient bone altar of Kikubaaqudgha.
     1 | D        | Found a viscous altar of Jiyva.
     1 | D        | Found a corrupted altar of Lugonu.
     1 | D        | Found a hazy altar of Hepliaklqana.
     1 | D        | Found a burning altar of Makhleb.
     1 | D        | Found an opulent altar of Gozag.
    63 | D        | Reached skill level 5 in Fighting
    63 | D        | Reached skill level 5 in Armour
    63 | D        | Reached skill level 4 in Shields
    63 | D        | Reached XP level 2. HP: 27/27 MP: 2/2
   112 | D        | Became a worshipper of the Shining One
   129 | D        | Fell from the grace of the Shining One
   136 | D        | Became a worshipper of Cheibriados the Contemplative
   151 | D        | Entered arena 2.
   151 | D        | Noticed a jumping spider
   151 | D        | Noticed a scorpion
   151 | D        | Found a transporter.
   154 | D        | Killed a scorpion
   155 | D        | Reached skill level 6 in Shields
   155 | D        | Reached XP level 3. HP: 35/35 MP: 3/3
   155 | D        | Reached XP level 4. HP: 41/41 MP: 4/4
   161 | D        | Killed a jumping spider
   161 | D        | Reached * piety under Cheibriados
   162 | D        | Reached skill level 8 in Shields
   162 | D        | Reached XP level 5. HP: 51/51 MP: 5/5
   162 | D        | Reached XP level 6. HP: 57/57 MP: 6/6
   169 | D        | Entered arena 3.
   169 | D        | Noticed a troll
   169 | D        | Noticed a troll
   169 | D        | Noticed a two-headed ogre
   169 | D        | Found a transporter.
   173 | D        | Killed a troll
   174 | D        | Reached skill level 9 in Shields
   174 | D        | Reached XP level 7. HP: 65/65 MP: 7/7
   174 | D        | Killed a troll
   175 | D        | Reached skill level 10 in Fighting
   175 | D        | Reached skill level 10 in Armour
   175 | D        | Reached skill level 10 in Shields
   176 | D        | Killed a two-headed ogre
   176 | D        | Reached ** piety under Cheibriados
   177 | D        | Reached skill level 10 in Long Blades
   177 | D        | Reached skill level 11 in Shields
   177 | D        | Reached XP level 8. HP: 76/76 MP: 8/8
   189 | D        | Got Tucam's Secrets of Battle Magic
   209 | D        | Entered arena 4.
   209 | D        | Noticed a two-headed ogre
   209 | D        | Noticed a troll
   209 | D        | Found a transporter.
   211 | D        | Killed a troll
   212 | D        | Reached skill level 12 in Shields
   213 | D        | Reached *** piety under Cheibriados
   215 | D        | Killed a two-headed ogre
   216 | D        | Reached skill level 13 in Shields
   216 | D        | Reached XP level 9. HP: 70/85 MP: 9/9
   224 | D        | Entered arena 5.
   224 | D        | Found the +7 captain's cutlass {speed, disarm}
   224 | D        | Found the +8 mithril axe "Arga" {speed, Will+}
   224 | D        | Noticed a deep elf pyromancer
   224 | D        | Noticed a deep elf zephyrmancer
   224 | D        | Noticed a deep elf pyromancer
   224 | D        | Noticed a +0 vampiric long sword
   224 | D        | Found a transporter.
   227 | D        | Killed a deep elf pyromancer
   227 | D        | Reached **** piety under Cheibriados
   232 | D        | Killed a deep elf pyromancer
   233 | D        | Reached skill level 14 in Shields
   240 | D        | Killed a +0 vampiric long sword
   240 | D        | Reached ***** piety under Cheibriados
   241 | D        | Reached XP level 10. HP: 72/94 MP: 10/10
   248 | D        | Killed a deep elf zephyrmancer
   258 | D        | Entered arena 6.
   258 | D        | Noticed a worldbinder
   258 | D        | Found a transporter.
   259 | D        | Noticed a black mamba
   261 | D        | Noticed a black mamba
   261 | D        | Noticed a black mamba
   261 | D        | Noticed a black mamba
   261 | D        | Noticed a black mamba
   264 | D        | Killed a worldbinder
   265 | D        | Reached skill level 15 in Shields
   280 | D        | Entered arena 7.
   280 | D        | Found a transporter.
   285 | D        | Reached ****** piety under Cheibriados
   306 | D        | Entered arena 8.
   306 | D        | Noticed a spriggan rider
   306 | D        | Noticed a spriggan rider
   306 | D        | Noticed a spriggan rider
   306 | D        | Found a transporter.
   324 | D        | Killed a spriggan rider
   325 | D        | Reached skill level 1 in Dodging
   328 | D        | Reached skill level 16 in Shields
   331 | D        | Reached skill level 15 in Fighting
   335 | D        | Reached skill level 1 in Evocations
   478 | D        | Got Sif Muna's Tome of Amathomancy and the Geodesic
   480 | D        | Got the ring of Paimul {rElec rCorr Dex+6}
   490 | D        | Entered arena 9.
   490 | D        | Noticed a naga mage
   490 | D        | Found a transporter.
   494 | D        | Reached XP level 11. HP: 96/102 MP: 11/11
   496 | D        | Reached skill level 17 in Shields
   540 | D        | Entered arena 10.
   540 | D        | Noticed a vault guard
   540 | D        | Noticed a great orb of eyes
   540 | D        | Noticed an ironbound convoker
   540 | D        | Noticed a dire elephant
   540 | D        | Noticed a vault guard
   540 | D        | Noticed an ironbound thunderhulk
   540 | D        | Found a transporter.
   548 | D        | Killed a vault guard
   549 | D        | Reached skill level 15 in Long Blades
   550 | D        | Killed a vault guard
   551 | D        | Reached skill level 15 in Armour
   551 | D        | Killed a great orb of eyes
   552 | D        | Reached skill level 18 in Shields
   555 | D        | Noticed a white draconian
   555 | D        | Noticed a searing wretch
   556 | D        | Noticed a Brimstone Fiend
   563 | D        | Mangled by a dire elephant

Illustrated notes

Levels and vault maps discovered:
D:        sprint_v [room_start, room_1, room_2, room_3, room_4, room_5, room_6,
          room_7, room_8, room_9, room_10, room_11, room_12, room_13, room_14,
          room_15, room_16, room_17, room_18, room_19, room_20, room_21,
          room_22, room_23, room_24, room_25, room_26, room_27]

Skill      XL: |  1  2  3  4  5  6  7  8  9 10 11 |
---------------+----------------------------------+-----
Fighting       | 5 6 8 9 12 13 14 15 | 15.7
Long Blades    | 6 7 8 10 11 12 14 15 | 15.5
Armour         | 5 6 8 9 11 12 13 14 15 | 15.0
Shields        | 4 6 8 9 11 13 14 16 18 | 18.2
Dodging        | 1 |  1.9
Evocations     | 1 |  1.6
Stealth        | |  0.2

Action                     |  1- 3 |  4- 6 |  7- 9 | 10-12 || total
---------------------------+-------+-------+-------+-------++-------
  Melee: Double sword      |     3 |     6 |    14 |    45 ||    68
 Invoke: Renounce Religion |     1 |       |       |       ||     1
  Evoke: Phantom mirror    |       |       |     1 |     4 ||     5
    Use: Potion            |     1 |     1 |       |     4 ||     6
 Armour: Plate armour      |     4 |     6 |    15 |    95 ||   120
  Dodge: Dodged            |     1 |     2 |     2 |    24 ||    29
  Block: Kite shield       |     4 |    16 |    42 |   174 ||   236

Table legend: (Time is in decaauts)
 A = Elapsed time spent in this place.
 B = Non-inter-level travel time spent in this place.
 C = Inter-level travel time spent in this place.
 D = Time resting spent in this place.
 E = Time spent auto-exploring this place.
 F = Levels seen in this place.
 G = Mean time per level.
                   A        B        C        D        E       F      G
               +--------+--------+--------+--------+--------+-----+--------+
         Total |    742 |    742 |      0 |      0 |    179 |   1 |  742.0 |
       Dungeon |    742 |    742 |      0 |      0 |    179 |   1 |  742.0 |
               +--------+--------+--------+--------+--------+-----+--------+

Top non-repeatable levels by time:
       D: 742 daAuts
